 Dungeon Crawl Stone Soup version 0.19-a0-1875-g4fea3da (webtiles) character file.

21 Alarkh the Charmwright (level 2, -4/22 HPs)
             Began as a Mummy Skald on Oct 13, 2016.
             Slain by a water moccasin (8 damage)
             ... on level 5 of the Dungeon.
             The game lasted 00:01:07 (754 turns).

Alarkh the Charmwright (Mummy Skald)                 Turns: 754, Time: 00:01:08

Health: -4/22      AC:  4    Str: 15    XL:     2   Next: 62%
Magic:  1/5        EV: 11    Int: 11    God:
Gold:   34         SH:  0    Dex: 11    Spells: 1 memorised, 4 levels left

rFire  x . .     SeeInvis .     a - +0 spear
rCold  + . .     Gourm    .     b - +0 leather armour
rNeg   + + +     Faith    .     (no shield)
rPois  ∞         Spirit   .     (no helmet)
rElec  .         Dismiss  .     d - +0 cloak
rCorr  .         Reflect  .     (no gloves)
MR     .....     Harm     .     (no boots)
Stlth  +.........               (no amulet)
                                (no ring)
                                (no ring)

@: infused (expiring)
A: no food or potions, fire vulnerability, cold resistance 1, negative energy
resistance 3, torment resistance, unbreathing
a: no special abilities


You were on level 5 of the Dungeon.
You were not hungry.

You visited 1 branch of the dungeon, and saw 6 of its levels.

You collected 34 gold pieces.

Inventory:

Hand Weapons
 a - a +0 spear (weapon)
Armour
 b - a +0 leather armour (worn)
 d - a +0 cloak (worn)
Scrolls
 e - a scroll of fog {unknown}
 f - 2 scrolls of teleportation {unknown}
 g - a scroll of blinking {unknown}
 h - a scroll of magic mapping {unknown}
Books
 c - a book of Battle

   Spells                             Type                      Level
   a - Infusion                       Charms                       1
   b - Shroud of Golubria             Charms/Translocation         2
   c - Song of Slaying                Charms                       2
   d - Spectral Weapon                Hexes/Charms                 3
   e - Regeneration                   Charms/Necromancy            3


   Skills:
 - Level 2.0 Fighting
 + Level 2.1 Polearms
 - Level 0.7 Armour
 - Level 0.7 Dodging
 + Level 2.3 Spellcasting
 + Level 2.6 Charms


You had 4 spell levels left.
You knew the following spells:

 Your Spells              Type           Power        Failure   Level  Hunger
a - Infusion              Chrm           #...         14%         1    N/A

Dungeon Overview and Level Annotations

Branches:
Dungeon (6/15)
 Temple: D:4-7

Altars:

Annotations:
D:4 Edmund


Innate Abilities, Weirdness & Mutations

You do not eat or drink.
Your flesh is vulnerable to fire.
You are immune to poison.
Your flesh is cold resistant. (rC+)
You are immune to negative energy. (rN+++)
You are immune to unholy pain and torment.
You can survive without breathing.


Message History

The water moccasin barely misses you.
You barely miss the water moccasin.
The water moccasin is lightly wounded.
The water moccasin bites you but does no damage.
The water moccasin barely misses you.
You hit the water moccasin.
The water moccasin is moderately wounded.
The water moccasin bites you.
You closely miss the water moccasin.
The water moccasin is moderately wounded.
The water moccasin bites you.
You hit the water moccasin.
The water moccasin is moderately wounded.
The water moccasin barely misses you. The water moccasin bites you.
* * * LOW HITPOINT WARNING * * *
You closely miss the water moccasin.
The water moccasin is moderately wounded.
Your magical infusion is running out.
The water moccasin bites you!
You die...

#.########.#
#..........#
#.########.# #.####
#.# #....#####.#
####.#...#.#
#.#.#.#.#
#####.#.#.#.####..
#@†.[.............
#S###.#.#.#.####..
#.# #.#.#.#.# #.#
#.....#.#
#.#####!###.#
##...........#
#....###.#####
#....###'###
#....##....########


You could see a water moccasin.

Vanquished Creatures
  An adder (D:5)
  A worm (D:4)
  An orc (D:5)
  A giant cockroach (D:3)
  A hobgoblin (D:3)
  2 kobolds (D:1)
  A ball python (D:3)
  A rat (D:1)
9 creatures vanquished.

Notes
Turn   | Place    | Note
-------+----------+-------------------------------------------
     0 | D:1      | Alarkh the Mummy Skald began the quest for the Orb.
     0 | D:1      | Reached XP level 1. HP: 16/16 MP: 3/3
   286 | D:4      | Reached XP level 2. HP: 17/22 MP: 0/5
   353 | D:4      | Noticed Edmund
   412 | D:5      | Entered Level 5 of the Dungeon
   744 | D:6      | Noticed a scorpion
   744 | D:6      | Noticed a water moccasin
   754 | D:5      | Slain by a water moccasin

Vault maps used:
D:1:      dpeg_arrival_stonehenge_8_columns, minmay_misc_feat_chi
D:2:      lemuel_coloured_pillars_altar, first_bread, serial_corexii_hall,
          corexii_hall_statues_t, corexii_hall_statues_i
D:3:      nemelex_diamond_rough_becter, uniq_robin
D:4:      uniq_edmund, uniq_eustachio

Skill      XL: |  1 |
---------------+----+-----
Polearms       | 2 |  2.1
Fighting       | |  2.0
Armour         | |  0.7
Dodging        | |  0.7
Spellcasting   | |  2.3
Charms         | |  2.6

Action                   || total
-------------------------++-------
Melee: Spear             ||    51
 Cast: Infusion          ||     7
Armor: Leather armour    ||    11
Dodge: Dodged            ||    25
